 Dungeon Crawl Stone Soup version 0.16.1-51-g6203257 (webtiles) character file.

271 kae the Cleaver (level 6, -1/51 HPs)
             Began as a Hill Orc Fighter on July 11, 2015.
             Slain by a yak (12 damage)
             ... on level 3 of the Dungeon on July 12, 2015.
             The game lasted 00:05:05 (3348 turns).

kae the Cleaver (Hill Orc Fighter)                  Turns: 3348, Time: 00:05:05

Health: -1/51      AC: 12    Str: 21    XL:     6   Next: 23%
Magic:  6/6        EV:  7    Int:  8    God:
Gold:   247        SH:  9    Dex: 10    Spells: 0 memorised, 5 levels left

rFire  . . .     SeeInvis .     a - +0 war axe
rCold  . . .     Clarity  .     b - +0 scale mail
rNeg   . . .     SustAb   .     c - +0 shield
rPois  .         Gourm    .     (no helmet)
rElec  .         Spirit   .     (no cloak)
rCorr  .         Warding  .     (no gloves)
rMut   .         Stasis   .     i - +0 pair of boots
MR     .....                    (no amulet)
Stlth  ..........               (no ring)
                                (no ring)

@: about to teleport, not resistant to hostile enchantments, extremely
unstealthy
A: iridescent scales 1
a: no special abilities


You were on level 3 of the Dungeon.
You were hungry.

You visited 1 branch of the dungeon, and saw 4 of its levels.

You collected 247 gold pieces.

Inventory:

Hand weapons
 a - a +0 war axe (weapon)
Armour
 b - a +0 scale mail (worn)
 c - a +0 shield (worn)
 i - a +0 pair of boots (worn)
Scrolls
 g - 2 scrolls of magic mapping
 h - a scroll of teleportation
 p - a scroll of immolation
Potions
 j - a potion of restore abilities {unknown}
 k - 2 potions of brilliance {unknown}
 r - a potion of magic {unknown}
 t - 2 potions of curing {unknown}
 u - a potion of resistance {unknown}
 w - a potion of haste {unknown}
 z - a potion of poison {unknown}
Comestibles
 d - 2 meat rations
 f - 4 bread rations
 m - 3 royal jellies


   Skills:
 - Level 3.6 Fighting
 + Level 8.4 Axes
 - Level 3.2 Armour
 - Level 3.2 Shields


You had 5 spell levels left.
You didn't know any spells.

Dungeon Overview and Level Annotations

Branches:
Dungeon (4/15)
 Temple: D:4-7

Altars:
Gozag
Nemelex Xobeh
Yredelemnul


Innate Abilities, Weirdness & Mutations

You are partially covered in iridescent scales (AC +4).


Message History

The yak bellows!
You hit the yak.
The yak is severely wounded.
You hit the yak.
The yak is lightly wounded.
A yak comes into view.
There is a stone staircase leading up, spattered with blood here.
The yak gores you.
* * * LOW HITPOINT WARNING * * *
You climb upwards.
There is a stone staircase leading down here.
Unknown command.
Unknown command.
Unknown command.
Read which item? (? for menu, Esc to quit)
As you read the scroll of teleportation, it crumbles to dust.
You feel strangely unstable. The yak gores you.
* * * LOW HITPOINT WARNING * * *
The yak gores you!
You die...

#.#......# #.....#.# #).
#.#.##.### #..#..#.# #..
#.#.##.### ####..#.)#.###..
#.#.#....# #........)...'..
#.#.#....# #.##..#..#.###..
#.#......# #.##..#..#.# #..
#.###....#####.##..#..#.###..
#............Y>)..[..........
#####.......@......#..#.#####
###...)#########.####.#####
#........# #...........
#...[)...# #...........
#........# #...........
#........# #...........
#........##########.#.###+#
#........#..........#.....#
#........#.#####...........


You could see a yak.

Vanquished Creatures
  A phantom (D:4)
  An orc priest (D:3)
  Jessica (D:2)
  Robin (D:3)
  2 adders
  2 giant mites
  3 giant geckos
  An ooze (D:1)
  7 orcs (D:3)
  3 ball pythons
  7 hobgoblins
  5 jackals
  5 kobolds
  4 quokkas
  10 bats
  6 giant cockroaches
  6 giant newts
  12 goblins
  7 rats
  2 fungi (D:1)
86 creatures vanquished.

Notes
Turn   | Place    | Note
--------------------------------------------------------------
     0 | D:1      | kae, the Hill Orc Fighter, began the quest for the Orb.
     0 | D:1      | Reached XP level 1. HP: 19/19 MP: 1/1
   123 | D:1      | Reached XP level 2. HP: 23/26 MP: 2/2
   276 | D:1      | Reached skill level 4 in Axes
   741 | D:2      | Noticed Jessica
   748 | D:2      | Reached XP level 3. HP: 31/31 MP: 3/3
   752 | D:2      | Killed Jessica
   752 | D:2      | Reached skill level 5 in Axes
   799 | D:2      | Found a basalt altar of Yredelemnul.
  1051 | D:2      | Reached XP level 4. HP: 39/39 MP: 4/4
  1202 | D:2      | Found a sparkling altar of Nemelex Xobeh.
  1610 | D:3      | Reached skill level 6 in Axes
  1712 | D:3      | Noticed Robin
  1723 | D:3      | Killed Robin
  2029 | D:3      | Reached XP level 5. HP: 45/45 MP: 5/5
  2114 | D:3      | Found an opulent altar of Gozag.
  2184 | D:3      | Reached skill level 7 in Axes
  2743 | D:4      | Noticed a phantom
  3244 | D:3      | Gained mutation: You are partially covered in iridescent scales (AC +4). [potion of beneficial mutation]
  3313 | D:4      | Killed a phantom
  3313 | D:4      | Reached skill level 8 in Axes
  3313 | D:4      | Reached XP level 6. HP: 40/51 MP: 6/6
  3321 | D:4      | Noticed a yak
  3336 | D:4      | Noticed a yak
  3339 | D:4      | Noticed a yak
  3348 | D:3      | Slain by a yak

Action                   |  1- 3 |  4- 6 || total
-------------------------+-------+-------++-------
Melee: War axe           |    97 |   208 ||   305
  Use: Scroll            |       |     9 ||     9
       Potion            |       |     2 ||     2
  Eat: Chunk             |       |     6 ||     6
       Beef jerky        |       |     1 ||     1
